 Dungeon Crawl Stone Soup version 0.30-a0-728-gc68057be0a (webtiles) character file.

Game seed: 16003823814977393901

5 NinjaNoafa the Covered (level 1, 18/18 HPs)
             Began as a Barachi Fighter on Jan 31, 2023.
             Quit the game on level 1 of the Dungeon.
             The game lasted 00:01:35 (105 turns).

NinjaNoafa the Covered (Barachi Fighter)             Turns: 105, Time: 00:01:36

Health: 18/18      AC:  8    Str: 17    XL:     1   Next: 80%
Magic:  1/1        EV:  9    Int:  8    God:
Gold:   0          SH:  4    Dex: 11    Spells: 0/0 levels left

rFire   . . .      SeeInvis .    a - +0 long sword
rCold   . . .      Faith    .    c - +0 buckler
rNeg    . . .      Spirit   .    b - +0 scale mail
rPois   .          Reflect  .    (no helmet)
rElec   .          Harm     .    (no cloak)
rCorr   .          Rampage  .    f - +0 pair of gloves
Will    .....                    (no boots) Stlth
                                 (no amulet)
HPRegen 0.23/turn                (no ring)
MPRegen 0.07/turn                (no ring)

@: slow
A: amphibious, slowness 1, strong legs 1, +LOS
a: Hop


You were on level 1 of the Dungeon.
You visited 1 branch of the dungeon, and saw 1 of its levels.

Inventory:

Hand Weapons
 a - a +0 long sword (weapon)
Armour
 b - a +0 scale mail (worn)
 c - a +0 buckler (worn)
 f - a +0 pair of gloves (worn)
Scrolls
 e - a scroll of identify {unknown}
 g - 3 scrolls of vulnerability {unknown}
Potions
 d - a potion of might


   Skills:
 + Level 3.6 Fighting
 + Level 3.0 Long Blades
 + Level 3.6 Armour
 + Level 0.1 Dodging
 + Level 0.0 Stealth
 + Level 3.2 Shields


You couldn't memorise any spells.
You didn't know any spells.
Your spell library contained the following spells:

 Spells                   Type           Power      Damage    Failure   Level
 Apportation              Tloc           0%         N/A       88%         1
 Alistair's Intoxication  Tmut/Pois      0%         N/A       100%        5


Dungeon Overview and Level Annotations

Branches:
Dungeon (1/15)

Altars:

Shops:
D:1 (


Innate Abilities, Weirdness & Mutations

You are amphibious.
You cover ground slowly.
You can hop short distances.
You have an extended range of vision and can be seen from far away.


Message History

The jackal bites you but does no damage. x2
You hit the jackal.
You kill the jackal!
Your Long Blades skill increases to level 3!
Things that are here:
a bat corpse; a jackal corpse; a jackal corpse You see here a +0 pair of gloves.
f - a +0 pair of gloves You start putting on your armour.
You continue putting on your +0 pair of gloves. x3
HP restored.
You continue putting on your +0 pair of gloves.
You finish putting on your +0 pair of gloves.
Found a stone staircase leading down.
There is a stone staircase leading down here.
Found a club.
g - 3 scrolls labelled BOLOIG EFIA A ball python comes into view.
The ball python hisses angrily.
A ball python is nearby!
You barely miss the ball python.
The ball python bites you but does no damage.
The ball python grabs you. The ball python constricts you.
The ball python bites you but does no damage.
The ball python constricts you.
You barely miss the ball python. The ball python barely misses you.
The ball python constricts you.
You completely miss the ball python.
The ball python bites you but does no damage.
The ball python constricts you. You block the ball python's attack.
The ball python constricts you.
You barely miss the ball python. The ball python barely misses you.
The ball python constricts you. You block the ball python's attack.
The ball python constricts you.
You hit the ball python.
You kill the ball python!
You see here a +0 club.
Found Haclaw's Weapon Shoppe.
There is an entrance to Haclaw's Weapon Shoppe here.
Are you sure you want to abandon this character and quit the game? (Confirm with "yes".)

..#......#######.#
.###.....# #.#
..#......# #.#
.........# #.#
#####..### #.# # #..#
#.# #####..# #######.#
.......# #.....#.#####
......## #.# #..@....#
####### #.# #...###.# #
#.# #.#####.#####.## #
#.# #.# #.........#
##########.# #.#
#..#####..#
...>....##.###.## #..#
#######.##.##...###..###
#....)...........#
#.....##...###.........


There were no monsters in sight!

Vanquished Creatures
  3 jackals (D:1)
  A ball python (D:1)
  A bat (D:1)
5 creatures vanquished.

Notes
Turn   | Place    | Note
-------+----------+-------------------------------------------
     0 | D:1      | NinjaNoafa the Barachi Fighter began the quest for the Orb.
     0 | D:1      | Reached XP level 1. HP: 18/18 MP: 1/1
    99 | D:1      | Found Haclaw's Weapon Shoppe.
   105 | D:1      | Quit the game

Illustrated notes

Levels and vault maps discovered:
D:1:      minmay_arrival_five_plusses, layout_loops_ring, serial_shops, shop

Skill      XL: |  1 |
---------------+----+-----
Long Blades    | 3 |  3.0
Fighting       | |  3.6
Armour         | |  3.6
Dodging        | |  0.1
Shields        | |  3.2

Action                     || total
---------------------------++-------
  Melee: Long sword        ||    23
 Armour: Scale mail        ||    16
  Dodge: Dodged            ||    13
  Block: Buckler           ||     6

Table legend: (Time is in decaauts)
 A = Elapsed time spent in this place.
 B = Non-inter-level travel time spent in this place.
 C = Inter-level travel time spent in this place.
 D = Time resting spent in this place.
 E = Time spent auto-exploring this place.
 F = Levels seen in this place.
 G = Mean time per level.
                   A        B        C        D        E       F      G
               +--------+--------+--------+--------+--------+-----+--------+
         Total |    127 |    127 |      0 |      0 |     70 |   1 |  127.0 |
       Dungeon |    127 |    127 |      0 |      0 |     70 |   1 |  127.0 |
               +--------+--------+--------+--------+--------+-----+--------+

Top non-repeatable levels by time:
     D:1: 127 daAuts
